 Dungeon Crawl Stone Soup version 0.19-a0-1580-g8817a36 (webtiles) character file.

494 MackTheKnife the Slasher (level 7, 0/49 HPs)
             Began as an Octopode Fighter on Sept 16, 2016.
             Was a Believer of Makhleb.
             Killed by nerve-wracking pain
             ... invoked by an orc priest
              (8 damage)
             ... on level 5 of the Dungeon.
             The game lasted 00:05:46 (3769 turns).

MackTheKnife the Slasher (Octopode Fighter)         Turns: 3769, Time: 00:05:47

Health: 0/49       AC:  1    Str: 17    XL:     7   Next: 15%
Magic:  7/7        EV: 11    Int: 12    God:    Makhleb [**....]
Gold:   110        SH:  0    Dex: 12    Spells: 0 memorised, 6 levels left

rFire  . . .     SeeInvis .     m - +0 rapier (flame)
rCold  . . .     Gourm    .     b - +0 shield
rNeg   . . .     Faith    .     (helmet restricted)
rPois  .         Spirit   .     (no amulet)
rElec  .         Dismiss  .     f - +2 ring of intelligence
rCorr  .         Reflect  .     (no ring)
MR     .....     Harm     .     (no ring)
Stlth  ++........               (no ring)
                                (no ring)
                                (no ring)
                                (no ring)
                                (no ring)

@: confused
A: almost no armour, stealthy swim, amphibious, 8 rings, constrict 8, camouflage
1, gelatinous body 1
a: Minor Destruction, Renounce Religion


You were on level 5 of the Dungeon.
You worshipped Makhleb.
Makhleb was pleased with you.
You were not hungry.

You visited 1 branch of the dungeon, and saw 5 of its levels.

You collected 110 gold pieces.

Inventory:

Hand Weapons
 a - a +0 long sword
 j - a +2 dagger of venom
   (You found it on level 2 of the Dungeon)
 m - a +0 rapier of flaming (weapon)
   (You found it on level 3 of the Dungeon)
Armour
 b - a +0 shield (worn)
Jewellery
 f - a +2 ring of intelligence (left tentacle)
   (You found it on level 1 of the Dungeon)
 o - an uncursed ring of fire {rF+, rC-}
   (You found it on level 2 of the Dungeon)
Wands
 i - a wand of confusion (10/48)
   (You found it on level 2 of the Dungeon)
Scrolls
 e - 2 scrolls of teleportation
 n - 4 scrolls of identify
Potions
 c - a potion of might
 h - a potion of berserk rage {!q}
 k - a potion of agility
Comestibles
 d - 3 bread rations {@e1}
 g - 3 slices of pizza
 l - a beef jerky
 p - a meat ration {@e2}


   Skills:
 + Level 4.9 Fighting
 + Level 1.1(4.0) Short Blades
 - Level 6.2(6.3) Long Blades
 - Level 3.0 Dodging
 - Level 3.0 Shields


You had 6 spell levels left.
You didn't know any spells.

Dungeon Overview and Level Annotations

Branches:
Dungeon (5/15)             Temple (0/1) D:5

Altars:
Cheibriados
Elyvilon
Hepliaklqana
Makhleb
Nemelex Xobeh
Uskayaw
Xom
Yredelemnul
Zin
The Shining One

Annotations:
D:3 xsansara's ghost, amateur MiFi


Innate Abilities, Weirdness & Mutations

You cannot wear most types of armour.
You are very stealthy in the water.
You are amphibious.
You can wear up to eight rings at the same time.
You can use your tentacles to constrict eight enemies at once.
Your skin changes colour to match your surroundings (Stealth+).
Your rubbery body absorbs attacks. (AC +1, EV +1)


Message History

a dagger; a robe
There is a stone staircase leading down here.
There is a stone staircase leading down here.
All of the chunks of flesh in your inventory have rotted away.
Done exploring.
Done exploring.
Done exploring.
Done exploring.
(D) Dungeon
Where to? (Enter - D:4, ? - help)
What level of the Dungeon? (default 1, ? - help)
There is a stone staircase leading down here.
You climb downwards.
Found a stone staircase leading down and a staircase to the Ecumenical Temple.
There is a stone staircase leading up here.
A jelly comes into view.
A jelly is nearby!
A jelly is nearby!
A jelly is nearby!
An orc comes into view. It is wielding a hand axe.
A necrophage and a dart slug come into view.
The helpless jelly fails to defend itself.
You puncture the jelly! You burn the jelly.
Your tentacles burn!
The jelly hits you.
You are splashed with acid!
The acid burns!
You hit the jelly. You burn the jelly.
You kill the jelly!
Makhleb accepts your kill.
You feel better.
Unknown command.
You take 10 damage, and have 39/49 hp.
MASSIVE DAMAGE!!
An orc and an orc priest come into view.
An orc priest comes into view. It is wielding a whip.
The orc shouts!
You open the door.
There is an open door here.
There's nothing to close nearby.
You hit the orc. You burn the orc. Your grab misses the orc.
The orc hits you with a flail.
You take 3 damage, and have 39/49 hp.
You closely miss the orc. Your grab misses the orc.
Your squeeze misses the orc. You closely miss the orc.
Your grab misses the orc. The orc completely misses you.
You hit the orc. You burn the orc.
You kill the orc!
Makhleb accepts your kill.
You see here a flail.
You close the door.
You start resting.
An orc and an orc wizard come into view.
You regained 2 hp, and now have 42/49 hp.
Unknown command.
The orc wizard shouts!
The orc shouts!
The orc priest shouts! x2
The orc hits you but does no damage.
The orc priest casts a cantrip, but nothing happens.
There is an open door here.
You hit the orc wizard. You burn the orc wizard.
Your grab misses the orc wizard. The orc wizard closely misses you.
The orc priest calls down the wrath of Beogh upon you.
Beogh smites you! You block the orc's attack.
The orc priest hits you with a hand axe.
You take 17 damage, and have 26/49 hp.
MASSIVE DAMAGE!!
You puncture the orc priest! You burn the orc priest. You grab the orc priest.
You constrict the orc priest.
You kill the orc priest!
Makhleb accepts your kill.
You feel better.
Your base Short Blades skill increases to level 1!
The orc wizard gestures at you while chanting.
The puff of flame hits you! You block the orc's attack.
You take 9 damage, and have 17/49 hp.
Unknown command.
You hit the orc priest. You burn the orc priest.
Your grab misses the orc priest.
The orc wizard points at you and mumbles some strange words.
You are confused.
The orc priest closely misses you. The orc hits you.
The orc wizard hits you with a dagger.
* * * LOW HITPOINT WARNING * * *
You take 5 damage, and have 12/49 hp.
You bump into the rock wall.
The orc priest hits you with a whip.
* * * LOW HITPOINT WARNING * * *
The orc hits you but does no damage. The orc wizard closely misses you.
You take 1 damage, and have 11/49 hp.
Unknown command.
Okay, then.
Unknown command.
You closely miss the orc.
The orc priest hits you but does no damage.
The orc barely misses you. The orc wizard hits you with a dagger.
* * * LOW HITPOINT WARNING * * *
You take 3 damage, and have 8/49 hp.
Unknown command.
You're too confused to move!
The orc priest calls down the wrath of Beogh upon you.
Pain shoots through your body!
You die...

#### ############# ...#
............#####o..#...
.>..........+)..@o..'...
.....<......#####o..###'
................ .......
..###...................
. #....#.>..............
###....#........o......#
#......#.#####+#....##..
.......+.# ....# ..
.......###


You could see an orc priest, an orc wizard and an orc.

Vanquished Creatures
  An ogre (D:4)
  A scorpion (D:4)
  A jelly (D:5)
  3 orc priests
  A hound (D:4)
  2 orc wizards (D:4)
  A worker ant (D:4)
  A hound skeleton (D:4)
  3 gnolls (D:2)
  2 adders (D:3)
  2 worms
  2 dart slugs (D:1)
  7 orcs
  10 bats
  6 giant cockroaches
  8 goblins
  4 hobgoblins
  8 jackals (D:2)
  A ball python (D:3)
  4 frilled lizards
  A jackal zombie (D:3)
  7 kobolds
  7 rats
83 creatures vanquished.

Notes
Turn   | Place    | Note
-------+----------+-------------------------------------------
     0 | D:1      | MackTheKnife the Octopode Fighter began the quest for the Orb.
     0 | D:1      | Reached XP level 1. HP: 16/16 MP: 1/1
   460 | D:1      | Reached XP level 2. HP: 21/21 MP: 2/2
   598 | D:1      | Reached skill level 3 in Long Blades
   929 | D:2      | Reached XP level 3. HP: 26/26 MP: 3/3
  1036 | D:2      | Reached skill level 4 in Long Blades
  1080 | D:2      | Found a faded altar of an unknown god.
  1095 | D:2      | Reached XP level 4. HP: 22/31 MP: 4/4
  1106 | D:2      | Became a worshipper of Makhleb the Destroyer
  1106 | D:2      | Reached * piety under Makhleb
  1229 | D:2      | Found a glowing silver altar of Zin.
  1234 | D:2      | Found a sparkling altar of Nemelex Xobeh.
  1241 | D:2      | Found a glowing golden altar of the Shining One.
  1246 | D:2      | Found a hazy altar of Hepliaklqana.
  1257 | D:2      | Found a white marble altar of Elyvilon.
  1264 | D:2      | Found a snail-covered altar of Cheibriados.
  1269 | D:2      | Found a shimmering altar of Xom.
  1352 | D:2      | Found a hide-covered altar of Uskayaw.
  1352 | D:2      | Found a basalt altar of Yredelemnul.
  1881 | D:3      | Noticed xsansara's ghost (amateur MiFi)
  2142 | D:3      | Reached ** piety under Makhleb
  2153 | D:3      | Reached skill level 5 in Long Blades
  2188 | D:3      | Reached XP level 5. HP: 36/36 MP: 5/5
  2680 | D:4      | Noticed an ogre
  2693 | D:4      | Killed an ogre
  2693 | D:4      | Reached skill level 4 in Fighting
  2693 | D:4      | Reached XP level 6. HP: 43/43 MP: 6/6
  3313 | D:4      | Reached skill level 6 in Long Blades
  3602 | D:4      | Reached XP level 7. HP: 49/49 MP: 7/7
  3712 | D:5      | Entered Level 5 of the Dungeon
  3712 | D:5      | Found a staircase to the Ecumenical Temple.
  3765 | D:5      | Reached skill level 1 in Short Blades
  3766 | D:5      | HP: 12/49 [orc wizard/dagger (3)]
  3769 | D:5      | Killed from afar by an orc priest

Vault maps used:
D:1:      dpeg_arrival_subterranean_lakeside_camping, serial_bayou_lake_a
D:2:      grunt_temple_overflow_octagram, gammafunk_temple_overflow_pools,
          ecumenical_altar_2
D:5:      first_bread, water_maze_lemuel, uniq_menkaure

Skill      XL: |  1  2  3  4  5  6  7 |
---------------+----------------------+-----
Long Blades    | 3 4 5 6 |  6.2
Fighting       | 4 |  4.9
Short Blades   | 1 |  1.1
Dodging        | |  3.0
Shields        | |  3.0

Action                   |  1- 3 |  4- 6 |  7- 9 || total
-------------------------+-------+-------+-------++-------
Melee: Long sword        |    53 |    71 |       ||   124
       Constrict         |    15 |    26 |     1 ||    42
       Tentacles         |     6 |    28 |       ||    34
       Rapier            |       |    43 |    10 ||    53
Evoke: Wand              |     1 |     4 |       ||     5
  Use: Scroll            |     1 |     6 |       ||     7
 Stab: Sleeping          |     5 |     7 |     1 ||    13
       Distracted        |     1 |       |       ||     1
  Eat: Chunk             |       |     8 |     1 ||     9
Armor: Skin              |     2 |     5 |     3 ||    10
Dodge: Dodged            |    16 |    38 |     5 ||    59
Block: Shield            |    18 |    33 |     2 ||    53

Vault maps used:
D:1:      dpeg_arrival_subterranean_lakeside_camping, serial_bayou_lake_a
D:2:      grunt_temple_overflow_octagram, gammafunk_temple_overflow_pools,
          ecumenical_altar_2
D:5:      first_bread, water_maze_lemuel, uniq_menkaure

Table legend:
 A = Turns spent in this place as a percentage of turns spent in the entire game.
 B = Non-inter-level travel turns spent in this place as a percentage of non-inter-level travel turns spent in the entire game.
 C = Inter-level travel turns spent in this place as a percentage of turns spent in this place.
 D = Turns resting spent in this place as a percentage of non-inter-level travel turns spent in this place.
 E = Turns spent auto-exploring this place as a percentage of non-inter-level travel turns spent in this place.
 F = Non-inter-level travel turns spent in this place divided by the number of levels of this place that you've seen.
                   A       B       C       D       E      F
               +-------+-------+-------+-------+-------+----------------------
         Total | 100.0 | 100.0 |   0.4 |   2.4 |  10.5 | 206.6
       Dungeon | 100.0 | 100.0 |   0.4 |   2.4 |  10.5 | 206.6
               +-------+-------+-------+-------+-------+----------------------

Table legend:
 A = Kills in this place as a percentage of kills in entire the game.
 B = Kills by you in this place as a percentage of kills by you in the entire game.
 C = Kills by friends in this place as a percentage of kills by friends in the entire game.
 D = Other kills in this place as a percentage of other kills in the entire game.
 E = Experience gained in this place as a percentage of experience gained in the entire game.
 F = Experience gained in this place divided by the number of levels of this place that you have seen.
                   A       B       C       D       E      F
               +-------+-------+-------+-------+-------+----------------------
         Total | 100.0 | 100.0 |  -nan |  -nan | 100.0 | 141.2
       Dungeon | 100.0 | 100.0 |  -nan |  -nan | 100.0 | 141.2
               +-------+-------+-------+-------+-------+----------------------
